 Dungeon Crawl Stone Soup version 0.26-a0-1177-g1209ec82b9 (webtiles) character file.

Game seed: 3418997573770974874

11342 mg7810 the Cleaver (level 11, 0/94 HPs)
             Began as a Hill Orc Fighter on Dec 24, 2020.
             Was a Follower of Qazlal.
             Slain by a death yak (19 damage)
             ... on level 10 of the Dungeon.
             The game lasted 00:31:01 (12939 turns).

mg7810 the Cleaver (Hill Orc Fighter)              Turns: 12939, Time: 00:31:01

Health: 0/94       AC: 19    Str: 23    XL:     11   Next: 76%
Magic:  22/22      EV:  7    Int:  8    God:    Qazlal [*.....]
Gold:   891        SH:  2    Dex: 10    Spells: 10/10 levels left

rFire    . . .     SeeInvis +   l - +3 battleaxe
rCold    . . .     Faith    .   (shield currently unavailable)
rNeg     . . .     Spirit   .   u - +1 plate armour "Xufatyc" {+Inv SInv Stlth-}
rPois    .         Reflect  .   z - +2 hat {Will+}
rElec    .         Harm     .   m - +0 cloak
rCorr    .         Rampage  .   I - +0 pair of gloves
Will     +....                  (no boots)
Stlth    ..........             E - amulet of the acrobat
HPRegen  0.25/turn              n - ring of magical power
MPRegen  0.18/turn              (no ring)

@: mighty, very slightly contaminated, invisible
A: no striking features
a: Renounce Religion, Evoke Invisibility


You were on level 10 of the Dungeon.
You worshipped Qazlal.
Qazlal was aware of your devotion.
You visited 2 branches of the dungeon, and saw 11 of its levels.

You collected 891 gold pieces.

Inventory:

Hand Weapons
 a - a +0 war axe
 l - a +3 battleaxe (weapon)
Missiles
 e - 15 boomerangs
 i - 4 javelins
 j - 37 poisoned darts (quivered)
 k - 8 atropa-tipped darts
 B - 2 silver javelins
Armour
 c - a +0 kite shield
 m - a +0 cloak (worn)
 u - the +1 plate armour "Xufatyc" (worn) {+Inv SInv Stlth-}
   (You found it on level 5 of the Dungeon)

   It lets you see invisible.
   It lets you turn invisible.
   It makes you less stealthy.
 y - a +2 helmet
 z - a +2 hat of willpower (worn)
 I - a +0 pair of gloves (worn)
Jewellery
 n - a ring of magical power (left hand)
 E - an amulet of the acrobat (around neck)
Wands
 q - a wand of flame (14)
Scrolls
 b - 3 scrolls of amnesia {unknown}
 d - a scroll of magic mapping {unknown}
 f - 6 scrolls of identify
 g - a scroll of enchant weapon {unknown}
 h - 6 scrolls of teleportation {unknown}
 p - a scroll of enchant armour {unknown}
 r - a scroll of brand weapon {unknown}
 s - 2 scrolls of remove curse
 t - 3 scrolls of immolation {unknown}
 v - a scroll of random uselessness {unknown}
 C - a scroll of noise {unknown}
 D - a scroll of acquirement {unknown}
Potions
 o - a potion of flight
 w - 4 potions of heal wounds
 A - 2 potions of curing
 F - a potion of haste


   Skills:
 + Level 7.9 Fighting
 + Level 12.3 Axes
 * Level 5.3 Throwing
 + Level 7.9 Armour
 + Level 0.2 Dodging
 - Level 7.9 Shields
 * Level 6.7 Unarmed Combat
 * Level 3.3 Invocations
 * Level 6.6 Evocations


You had 10 spell levels left.
You didn't know any spells.
Your spell library contained the following spells:

 Spells                   Type           Power        Failure   Level
 Animate Skeleton         Necr           0%           99%         1
 Apportation              Tloc           0%           99%         1
 Corona                   Hex            0%           99%         1
 Summon Small Mammal      Summ           0%           99%         1


Dungeon Overview and Level Annotations

Branches:
Dungeon (10/15)            Temple (1/1) D:6            Lair (0/6) D:10
    Orc: D:9-12

Altars:
Ashenzari
Cheibriados
Dithmenos
Elyvilon
Fedhas
Gozag
Hepliaklqana
Kikubaaqudgha
Makhleb
Nemelex Xobeh
Okawaru
Qazlal
Ru
Sif Muna
Trog
Uskayaw
Vehumet
Wu Jian
Xom
Yredelemnul
Zin
The Shining One

Annotations:
D:6 3 runed translucent doors, DarkMailMan's ghost, amateur HOFi
D:9 3 runed translucent doors, dudeneo's ghost, novice DrBe


Message History

The death yak is severely wounded.
The death yak gores you!
* * * LOW HITPOINT WARNING * * *
The death yak gores you.
* * * LOW HITPOINT WARNING * * *
You slice the death yak!!
You kill the death yak!
Qazlal accepts your kill.
You slice the death yak!!
The death yak is moderately wounded.
The death yak gores you but does no damage.
You slice the death yak!!
The death yak is severely wounded.
The death yak gores you.
* * * LOW HITPOINT WARNING * * *
You catch the helpless death yak completely off-guard!
You slash the death yak!
The death yak is severely wounded.
The death yak gores you!!
You die...

.# ####+######## ##.#
#...........# #..#
#...........# ####.######
#...........# ###.........###
#...........# #........).((.(
#........[[.# #.#.>..)..>.###
#..).รท...).Y#####.#.........#
#........[rYrY@...#####.#####
#.........rY####### #.#
##.....###### ..#
#####..###### ..##
#....YY.....# #.#
#.......>...# #. #.......Y...#
#........Yr.# #......r....#


You could see a death yak, 3 yaks, a hell rat, a river rat and a rat.

Vanquished Creatures
  Gastronok (D:8)
  3 two-headed ogres
  2 death yaks (D:10)
  A gargoyle (D:10)
  Joseph (D:7)
  Maggie (D:7)
  A troll (D:10)
  Prince Ribbit (D:7)
  4 yaks (D:9)
  A wyvern (D:8)
  An orc warrior (D:9)
  3 ice beasts
  4 phantoms
  2 sky beasts (D:8)
  8 centaurs
  2 ogres
  2 big kobolds (D:9)
  5 bullfrogs
  A wyvern zombie (D:9)
  A gnoll sergeant (D:5)
  A wyvern skeleton (D:8)
  4 scorpions
  A water moccasin skeleton (D:8)
  6 killer bees (D:7)
  4 wights (D:10)
  3 howler monkeys
  2 bullfrog zombies
  4 quasits
  3 jellies
  3 hounds
  6 orc wizards
  2 gnoll shamans
  Ijyb (D:3)
  An iguana (D:9)
  10 worker ants
  A hell rat (D:10)
  A hound zombie (D:5)
  10 adders
  26 gnolls
  A river rat (D:10)
  2 shadow imps
  2 white imps
  An ufetubus (D:5)
  3 oozes
  3 adder skeletons
  3 worms
  3 dart slugs
  12 leopard geckos
  21 orcs
  8 bats
  9 giant cockroaches
  7 goblins
  12 hobgoblins
  19 kobolds
  7 quokkas
  3 ball pythons
  7 frilled lizards
  A quokka skeleton (D:5)
  9 rats
267 creatures vanquished.

Notes
Turn   | Place    | Note
-------+----------+-------------------------------------------
     0 | D:1      | mg7810 the Hill Orc Fighter began the quest for the Orb.
     0 | D:1      | Reached XP level 1. HP: 19/19 MP: 1/1
   111 | D:1      | Reached XP level 2. HP: 27/27 MP: 2/2
   198 | D:1      | Reached skill level 3 in Axes
   303 | D:1      | Reached XP level 3. HP: 20/33 MP: 3/3
  1283 | D:2      | Reached XP level 4. HP: 37/40 MP: 4/4
  1417 | D:2      | Reached skill level 4 in Axes
  2086 | D:2      | Reached XP level 5. HP: 47/47 MP: 5/5
  2108 | D:2      | Reached skill level 1 in Throwing
  2370 | D:2      | Found a glowing golden altar of the Shining One.
  3185 | D:3      | Noticed Ijyb
  3185 | D:3      | You fall into a shaft and drop 2 floors!
  3185 | D:5      | Entered Level 5 of the Dungeon
  3442 | D:4      | Reached skill level 5 in Axes
  3442 | D:4      | Reached XP level 6. HP: 51/53 MP: 6/6
  4015 | D:3      | Killed Ijyb
  4086 | D:3      | Found a radiant altar of Vehumet.
  4398 | D:4      | Noticed a phantom
  4445 | D:4      | Killed a phantom
  4446 | D:4      | Reached XP level 7. HP: 60/60 MP: 7/7
  4562 | D:4      | Reached skill level 6 in Axes
  4562 | D:4      | Reached skill level 1 in Evocations
  4945 | D:4      | Reached skill level 5 in Fighting
  4952 | D:4      | Reached skill level 5 in Armour
  4952 | D:4      | Reached skill level 5 in Shields
  5256 | D:4      | Reached skill level 7 in Axes
  5256 | D:4      | Reached XP level 8. HP: 68/68 MP: 8/8
  6108 | D:5      | Got a distressingly furry plate armour
  6182 | D:5      | Identified the +1 plate armour "Xufatyc" {+Inv SInv Stlth-}
                  | (You found it on level 5 of the Dungeon)
  6779 | D:6      | Reached skill level 1 in Unarmed Combat
  7051 | D:6      | Reached skill level 8 in Axes
  7142 | D:6      | Found a runed translucent gate.
  7144 | D:6      | Found a runed translucent gate.
  7147 | D:6      | Found a runed translucent gate.
  7147 | D:6      | Noticed DarkMailMan's ghost (amateur HOFi)
  7179 | D:6      | Found a glowing silver altar of Zin.
  7318 | D:6      | Found a staircase to the Ecumenical Temple.
  7376 | Temple   | Entered the Ecumenical Temple
  7641 | D:6      | Reached XP level 9. HP: 71/75 MP: 9/9
  8390 | D:7      | Noticed Maggie
  8422 | D:7      | Killed Maggie
  8423 | D:7      | Reached skill level 9 in Axes
  8423 | D:7      | Noticed Prince Ribbit
  8423 | D:7      | Noticed Joseph
  8438 | D:7      | Killed Joseph
  8457 | D:7      | Killed Prince Ribbit
  8879 | D:7      | Found a hide-covered altar of Uskayaw.
  9113 | D:7      | Reached XP level 10. HP: 66/84 MP: 10/10
  9276 | D:7      | Found an ornate altar of the Wu Jian Council.
  9469 | D:8      | Noticed a two-headed ogre
  9480 | D:8      | Killed a two-headed ogre
  9481 | D:8      | Reached skill level 10 in Axes
  9481 | D:8      | Reached skill level 5 in Evocations
 10107 | D:8      | Found a sacrificial altar of Ru.
 10289 | D:8      | Found an iron altar of Okawaru.
 10289 | D:8      | Found a stormy altar of Qazlal.
 10297 | D:8      | Became a worshipper of Qazlal Stormbringer
 10317 | D:8      | Noticed Gastronok
 10338 | D:8      | Killed Gastronok
 10339 | D:8      | Reached skill level 11 in Axes
 10339 | D:8      | Reached skill level 5 in Unarmed Combat
 10666 | D:9      | Reached XP level 11. HP: 46/92 MP: 11/11
 10977 | D:9      | Reached * piety under Qazlal
 11144 | D:9      | Noticed a two-headed ogre
 11163 | D:9      | Killed a two-headed ogre
 11164 | D:9      | Reached skill level 1 in Invocations
 11639 | D:9      | Found a shimmering altar of Xom.
 11644 | D:9      | Found a runed translucent gate.
 11644 | D:9      | Found a runed translucent gate.
 11644 | D:9      | Found a runed translucent gate.
 11648 | D:9      | Noticed dudeneo's ghost (novice DrBe)
 11679 | D:9      | Noticed a two-headed ogre
 11697 | D:9      | Killed a two-headed ogre
 11873 | D:9      | Reached skill level 5 in Throwing
 11914 | D:9      | Found a burning altar of Makhleb.
 12212 | D:10     | Entered Level 10 of the Dungeon
 12879 | D:10     | Reached skill level 12 in Axes
 12898 | D:10     | Noticed a death yak
 12899 | D:10     | Noticed a death yak
 12899 | D:10     | Noticed a death yak
 12902 | D:10     | Found a staircase to the Lair.
 12933 | D:10     | Killed a death yak
 12936 | D:10     | Killed a death yak
 12939 | D:10     | Slain by a death yak

Illustrated notes

Levels and vault maps discovered:
D:1:      kilobyte_arrival_exit_the_forest, layout_basic, minmay_misc_feat_tiny,
          minmay_vboxes
D:2:      layout_basic, nicolae_tso_carved_into_rock, corexii_corridor_pit,
          grunt_ministairs_10
D:3:      layout_basic, nicolae_overflow_hidden_temple, st_stairs_6, uniq_ijyb
D:4:      minmay_polygon_palace, layout_loops_ring, serial_co_window_serial,
          co_window_corner_a, co_window_corner_a, co_window_corner_a,
          co_window_paths_a, co_window_paths_a, co_window_of_opportunity_b,
          co_window_paths_c, co_window_corner_b, co_window_sun, glass_columns_c
D:5:      layout_basic
D:6:      layout_basic, minmay_temple_entry_glass, basic_altar,
          gammafunk_ghost_necromancy, kennysheep_generic_room_8
D:7:      layout_basic, eat_drink_and_be_merry_uskayaw,
          nzn_wu_jian_contemplation, chequers_arboretum, uniq_maggie,
          uniq_prince_ribbit1, uniq_joseph
D:8:      layout_loops_ring, overflow_temple_1_default,
          amethyst_overflow_temple_binary, uniq_gastronok
D:9:      layout_roguey, makhleb_heckhound_becter, gammafunk_ghost_split,
          xom_teletrap_fun
D:10:     layout_roguey, dpeg_lair_monsters
Temple:   dshaligram_water_room_temple

Skill      XL: |  1  2  3  4  5  6  7  8  9 10 11 |
---------------+----------------------------------+-----
Axes           | 3 4 5 7 8 9 11 12 | 12.3
Fighting       | 4 5 6 7 |  7.9
Armour         | 4 5 6 7 |  7.9
Shields        | 4 5 6 7 |  7.9
Throwing       | 1 2 3 4 5 |  5.3
Evocations     | 2 3 4 5 6 |  6.6
Unarmed Combat | 1 4 5 6 |  6.7
Invocations    | 3 |  3.3
Dodging        | |  0.2

Action                   |  1- 3 |  4- 6 |  7- 9 | 10-12 || total
-------------------------+-------+-------+-------+-------++-------
Melee: War axe           |   115 |   230 |   391 |   284 ||  1020
       Battleaxe         |       |       |       |    55 ||    55
Throw: Dart              |       |     9 |    23 |     7 ||    39
       Boomerang         |       |       |     4 |       ||     4
Evoke: Wand              |       |       |    14 |     3 ||    17
  Use: Scroll            |       |     4 |     4 |     4 ||    12
       Potion            |       |     2 |     6 |     4 ||    12
 Stab: Invisible         |       |     1 |       |     1 ||     2
Armor: Scale mail        |    70 |    90 |    69 |       ||   229
       Plate armour      |       |       |   222 |   206 ||   428
Dodge: Dodged            |    38 |    73 |   102 |    72 ||   285
Block: Kite shield       |    80 |   118 |   262 |   161 ||   621
       Other             |       |       |       |     2 ||     2

Table legend: (Time is in decaauts)
 A = Elapsed time spent in this place.
 B = Non-inter-level travel time spent in this place.
 C = Inter-level travel time spent in this place.
 D = Time resting spent in this place.
 E = Time spent auto-exploring this place.
 F = Levels seen in this place.
 G = Mean time per level.
                   A        B        C        D        E       F      G
               +--------+--------+--------+--------+--------+-----+--------+
         Total |  13132 |  12962 |    170 |      0 |  10208 |  11 | 1193.8 |
       Dungeon |  12941 |  12771 |    170 |      0 |  10067 |  10 | 1294.1 |
        Temple |    190 |    190 |      0 |      0 |    141 |   1 |  190.0 |
               +--------+--------+--------+--------+--------+-----+--------+

Top non-repeatable levels by time:
     D:4: 1643 daAuts
     D:2: 1556 daAuts
     D:9: 1492 daAuts
     D:6: 1476 daAuts
     D:3: 1382 daAuts
     D:1: 1279 daAuts
     D:8: 1243 daAuts
     D:7: 1076 daAuts
     D:5: 1060 daAuts
    D:10: 731 daAuts
  Temple: 190 daAuts
